 Dungeon Crawl Stone Soup version 0.28.0 (webtiles) character file.

Game seed: 12421480960114920932

548 xSliceyx the Covered (level 7, 0/43 (52) HPs)
             Began as a Formicid Fighter on Feb 4, 2022.
             Was an Initiate of Okawaru.
             Slain by a wight (4 damage)
             ... on level 4 of the Dungeon.
             The game lasted 00:13:24 (5418 turns).

xSliceyx the Covered (Formicid Fighter)             Turns: 5418, Time: 00:13:24

HP:   0/43 (52)     AC:  8    Str: 22    XL:     7   Next: 53%
MP:   0/7           EV: 11    Int:  8    God:    Okawaru [......]
Gold: 262           SH:  0    Dex: 10    Spells: 6/6 levels left

rFire   . . .      SeeInvis +   v - +4 spear
rCold   . . .      Faith    .   c - +0 buckler
rNeg    + . .      Spirit   +   t - +1 ring mail of Context {rN+}
rPois   +          Reflect  .   (helmet unavailable)
rElec   .          Harm     .   (no cloak)
rCorr   .          Rampage  .   (no gloves)
Will    .....                   w - +0 pair of boots
Stlth   ..........              p - amulet "Neagimo" {Spirit +Blink Slay+3}
HPRegen 0.14/turn               u - ring of poison resistance
MPRegen 0.10/turn               (no ring)

@: confused, attractive, heavily drained
A: permanent stasis, dig shafts and tunnels, antennae 3, four strong arms
a: Dig, Shaft Self, Renounce Religion


You were on level 4 of the Dungeon.
You worshipped Okawaru.
Okawaru was noncommittal.
You visited 1 branch of the dungeon, and saw 4 of its levels.

You collected 262 gold pieces.

Inventory:

Hand Weapons
 a - a +0 long sword
 v - a +4 spear (weapon)
Armour
 b - a +0 scale mail
 c - a +0 buckler (worn)
 h - a +0 chain mail
 t - the +1 ring mail of Context (worn) {rN+}
   (You found it on level 3 of the Dungeon)

   rN:        It protects you from negative energy.
 w - a +0 pair of boots (worn)
Jewellery
 p - the amulet "Neagimo" (around neck) {Spirit +Blink Slay+3}
   (You found it on level 3 of the Dungeon)

   [amulet of guardian spirit]

   It causes incoming damage to be divided between your reserves of health and
   magic.
   Slay:      It affects your accuracy & damage with ranged weapons and melee
   (+3).
   +Blink:    It lets you blink.
 u - a ring of poison resistance (left hand)
Wands
 r - a wand of digging (3)
Scrolls
 e - a scroll of identify {unknown}
 g - a scroll of summoning {unknown}
 j - a scroll of enchant weapon {unknown}
 n - 2 scrolls of teleportation {unknown}
 o - a scroll of magic mapping {unknown}
 q - 3 scrolls of vulnerability {unknown}
 x - a scroll of noise {unknown}
Potions
 d - a potion of might
 f - 2 potions of attraction
 k - a potion of ambrosia {unknown}
 l - a potion of lignification {unknown}
 m - a potion of berserk rage {unknown}
 s - a potion of experience {unknown}
 z - a potion of curing {unknown}


   Skills:
 - Level 3.2 Fighting
 - Level 2.0 Long Blades
 + Level 6.7 Armour
 - Level 1.8 Dodging
 - Level 1.6 Stealth
 + Level 6.4 Shields


You had 6 spell levels left.
You didn't know any spells.
Your spell library contained the following spells:

 Spells                   Type           Power      Damage    Failure   Level
 Frozen Ramparts          Ice            0%         1d2       94%         3
 Ice Form                 Ice/Tmut       0%         N/A       100%        4
 Summon Ice Beast         Ice/Summ       Unusable   N/A       N/A         4

Dungeon Overview and Level Annotations

Branches:
Dungeon (4/15)
 Temple: D:4-7

Altars:
Okawaru

Annotations:
D:3 Ijyb


Innate Abilities, Weirdness & Mutations

You cannot be hasted, slowed, berserked, paralysed or teleported.
You can dig through walls and to a lower floor.
You have a pair of large antennae on your head. (SInv)
Your four strong arms can wield two-handed weapons with a shield.


Message History

The wight zaps a wand.
You easily resist.
The wight hits you from afar with a +0 halberd.
You partially resist.
You feel drained. The wight closely misses you.
You puncture the wight!
The wight is severely damaged.
You feel less confused. The wight misses you. The wight closely misses you.
The wight hits you with a +2 long sword.
You hit the wight but do no damage.
The wight is severely damaged.
The wight hits you from afar with a +0 halberd!
You partially resist.
You feel drained.
The wight hits you with a +2 long sword!
* * * LOW HITPOINT WARNING * * *
Unknown command.
The wight zaps a wand.
You easily resist.
Unknown command.
It was a potion of attraction.
You feel attractive to monsters. The wight is attracted toward you.
The wight is attracted toward you. x2
The wight zaps a wand.
Your will is overpowered!
You are confused.
The wight is attracted toward you. x2
You are too confused!
It was a potion of heal wounds.
You feel much better.
The wight zaps a wand.
Your will is overpowered!
You are more confused.
The wight hits you from afar with a +0 halberd!
You're too confused to move!
The wight hits you from afar with a +0 halberd!
* * * LOW HITPOINT WARNING * * *
You partially resist.
You feel drained.
* * * LOW HITPOINT WARNING * * *
The wight hits you with a +2 long sword.
* * * LOW HITPOINT WARNING * * *
The wight is attracted toward you.
You hit the wight but do no damage. The wight hits you but does no damage.
The wight hits you with a +2 long sword.
You die...

######............##........
##...###'###.##........
#####...#.....#.##........
#.......#.....#..#........
#.......#.._..#.).........
#.......#(....#..#########
#.......#.....#..# #
#.......#######.##
#.....)..@z§.....#########
######.#.z.####...........
#....))..).........##
##....####..........#
##......#.......)...
######.#.........##
#...........## ###.....#####
#.....#


You could see 2 wights.

Vanquished Creatures
  An ogre (D:4)
  2 wights
  An orc priest (D:4)
  2 orc wizards
  A hound skeleton (D:4)
  Robin (D:2)
  11 gnolls
  6 adders
  3 worms
  5 dart slugs
  7 orcs
  5 endoplasms
  A giant cockroach (D:2)
  16 goblins
  10 hobgoblins
  4 jackals (D:2)
  13 kobolds
  2 quokkas (D:2)
  4 ball pythons
  5 bats
  3 frilled lizards
  2 rats
105 creatures vanquished.

Notes
Turn   | Place    | Note
-------+----------+-------------------------------------------
     0 | D:1      | xSliceyx the Formicid Fighter began the quest for the Orb.
     0 | D:1      | Reached XP level 1. HP: 18/18 MP: 1/1
   127 | D:1      | Reached XP level 2. HP: 23/24 MP: 2/2
   711 | D:1      | Found a faded altar of an unknown god.
  1077 | D:2      | Reached XP level 3. HP: 13/29 MP: 3/3
  1409 | D:2      | Reached XP level 4. HP: 19/33 MP: 4/4
  1735 | D:2      | Noticed Robin
  1752 | D:2      | Killed Robin
  1753 | D:2      | Reached skill level 5 in Shields
  1753 | D:2      | Reached XP level 5. HP: 29/40 MP: 5/5
  1814 | D:2      | Reached skill level 1 in Stealth
  2330 | D:2      | Reached skill level 5 in Armour
  2336 | D:2      | Reached skill level 1 in Dodging
  2765 | D:3      | Noticed Ijyb
  2787 | D:2      | HP: 1/38 [quokka (3)]
  3122 | D:2      | Reached XP level 6. HP: 26/46 MP: 6/6
  3572 | D:3      | Identified the amulet "Neagimo" {Spirit +Blink Slay+3}
  4537 | D:3      | Identified the +1 ring mail of Context {rN+}
  4861 | D:4      | Reached XP level 7. HP: 42/44 MP: 7/7
  4968 | D:4      | Found an iron altar of Okawaru.
  5280 | D:4      | Became a worshipper of Warmaster Okawaru
  5418 | D:4      | Slain by a wight

Illustrated notes

Levels and vault maps discovered:
D:1:      dpeg_arrival_three_same_balls, layout_basic,
          shapermc_ecumenical_altar_notcrosses
D:2:      layout_basic, uniq_robin
D:3:      layout_basic, uniq_ijyb
D:4:      layout_rooms, amcnicky_altar_gilded, kennysheep_generic_room_7,
          uniq_eustachio

Skill      XL: |  1  2  3  4  5  6  7 |
---------------+----------------------+-----
Shields        | 4 5 6 |  6.4
Armour         | 4 5 6 |  6.7
Stealth        | 1 |  1.6
Dodging        | 1 |  1.8
Fighting       | |  3.2
Long Blades    | |  2.0

Action                   |  1- 3 |  4- 6 |  7- 9 || total
-------------------------+-------+-------+-------++-------
Melee: Long sword        |    84 |   226 |       ||   310
       Spear             |       |     2 |    50 ||    52
 Abil: Dig               |     1 |     4 |       ||     5
  Use: Potion            |       |       |     2 ||     2
Armor: Scale mail        |    33 |    75 |       ||   108
       Ring mail         |       |     1 |    17 ||    18
Dodge: Dodged            |    36 |   121 |    20 ||   177
Block: Buckler           |    21 |    60 |     3 ||    84
